 Dungeon Crawl Stone Soup version 0.30-a0-585-g93115170b9 (webtiles) character file.

Game seed: 6189247643615944799

44732 Gazorpazorpfield the Eclecticist (level 13, 0/63 HPs)
             Began as a Deep Elf Fire Elementalist on Jan 31, 2021.
             Was an Elder of Vehumet.
             Slain by a dream sheep (5 damage)
             ... while petrified by a basilisk
             ... on level 5 of the Lair of Beasts on Jan 2, 2023.
             The game lasted 01:26:12 (20877 turns).

Gazorpazorpfield the Eclecticist (DEFE)            Turns: 20877, Time: 01:26:12

Health: 0/63       AC:  9    Str:  5    XL:     13   Next: 97%
Magic:  37/37      EV:  2    Int: 25    God:    Vehumet [****..]
Gold:   369        SH:  0    Dex: 21    Spells: 13/48 levels left

rFire   + + .      SeeInvis .    t - staff of fire
rCold   x . .      Faith    .    (no shield)
rNeg    + + +      Spirit   .    D - +2 robe
rPois   ∞          Reflect  +    k - +0 helmet
rElec   .          Harm     .    J - +0 cloak
rCorr   .          Rampage  .    (no gloves)
Will    +....                    i - +2 pair of boots
Stlth   +++                      m - amulet of reflection
HPRegen 0.30/turn                E - ring of fire
MPRegen 0.25/turn                X - +6 ring of dexterity

@: petrified
A: no striking features
a: Renounce Religion


You were on level 5 of the Lair of Beasts.
You worshipped Vehumet.
Vehumet was greatly pleased with you.
You visited 3 branches of the dungeon, and saw 17 of its levels.

You collected 850 gold pieces.
You spent 481 gold pieces at shops.

Inventory:

Armour
 i - a +2 pair of boots (worn)
 k - a +0 helmet (worn)
 w - +0 steam dragon scales
 D - a +2 robe (worn)
 F - +0 swamp dragon scales
 J - a +0 cloak (worn)
Magical Staves
 t - a staff of fire (weapon)
Jewellery
 m - an amulet of reflection (around neck)
 r - a ring of stealth
 s - an amulet of the acrobat
 A - an amulet of regeneration
 E - a ring of fire (left hand)
 M - a ring of protection from fire
 X - a +6 ring of dexterity (right hand)
Wands
 a - a wand of polymorph (7)
 b - a wand of acid (9)
 n - a wand of paralysis (24)
 z - a wand of mindburst (28)
 B - a wand of roots (3)
 O - a wand of digging (8)
 P - a wand of flame (4)
Scrolls
 c - 2 scrolls of blinking
 d - a scroll of fear
 h - 3 scrolls of enchant weapon
 j - 5 scrolls of teleportation
 x - 2 scrolls of vulnerability
 y - 7 scrolls of magic mapping
 G - 3 scrolls of enchant armour
 H - 3 scrolls of fog
 Q - a scroll of brand weapon {unknown}
 S - a scroll of amnesia
 U - 3 scrolls of identify
 V - a scroll of poison {unknown}
Potions
 e - 6 potions of lignification
 f - 6 potions of curing
 g - 3 potions of ambrosia
 l - a potion of berserk rage
 o - 2 potions of mutation
 p - 2 potions of brilliance
 q - a potion of magic
 u - 7 potions of heal wounds
 v - 2 potions of might {unknown}
 C - 3 potions of attraction {unknown}
 N - a potion of degeneration {unknown}
 R - a potion of cancellation {unknown}
 T - a potion of invisibility {unknown}
 W - a potion of haste {unknown}
 Y - a potion of resistance {unknown}
 Z - a potion of flight {unknown}
Miscellaneous
 I - a piece from Xom's chessboard (15/15)
 K - a lightning rod (4/4)
 L - a condenser vane


   Skills:
 + Level 12.3 Dodging
 - Level 2.5 Stealth
 * Level 18.3 Spellcasting
 + Level 11.0 Conjurations
 * Level 15.8 Fire Magic


You had 13 spell levels left.
You knew the following spells:

 Your Spells              Type           Power      Damage    Failure   Level
a - Foxfire               Conj/Fire      100%       2x1d9     0%          1
b - Fireball              Conj/Fire      58%        3d22      1%          5
c - Inner Flame           Hex/Fire       96%        N/A       1%          3
d - Sticky Flame          Conj/Fire      100%       2d11      1%          4
e - Fireball              Conj/Fire      58%        3d22      1%          5
f - Lightning Bolt        Conj/Air       25%        1d41      1%          5
g - Searing Ray           Conj           100%       2d8       1%          2
h - Fulminant Prism       Conj/Hex       25%        3d14      1%          4
i - Poisonous Vapours     Pois/Air       44%        N/A       1%          2
j - Frozen Ramparts       Ice            44%        1d7       1%          3
k - Starburst             Conj/Fire      58%        6d16      1%          6

Your spell library contained the following spells:

 Spells                   Type           Power      Damage    Failure   Level
 Eringya's Noxious Bog    Tmut/Pois      11%        N/A       58%         6
 Magic Dart               Conj           100%       1d8       0%          1
 Freeze                   Ice            88%        1d9       1%          1
 Static Discharge         Conj/Air       100%       2-7/arc   1%          2
 Dazzling Flash           Conj/Hex       100%       N/A       1%          3
 Hailstorm                Conj/Ice       50%        3d11      1%          3
 Flame Wave               Conj/Fire      100%       2d21      1%          4
 Iskenderun's Mystic Bla  Conj/Tloc      50%        2d11      1%          4
 Arcjolt                  Conj/Air       25%        1d35      1%          5
 Apportation              Tloc           44%        N/A       2%          1
 Necrotise                Necr           88%        1d8       2%          1
 Summon Small Mammal      Summ           88%        N/A       2%          1
 Cigotuvi's Dreadful Rot  Necr/Pois/Air  44%        N/A       3%          2
 Vhi's Electric Charge    Tloc/Air       44%        N/A       6%          3
 Dispel Undead            Necr           22%        3d12      22%         4
 Death Channel            Necr           11%        N/A       97%         6


Dungeon Overview and Level Annotations

Branches:
Dungeon (10/15)            Temple (1/1) D:4            Lair (6/6) D:9
  Snake (0/4) Lair:2
  Swamp: Lair:2-3    Shoals: Lair:2-3     Slime: Lair:4-5       Orc: D:9-12

Altars:
Ashenzari
Cheibriados
Dithmenos
Elyvilon
Fedhas
Gozag
Hepliaklqana
Kikubaaqudgha
Makhleb
Nemelex Xobeh
Okawaru
Qazlal
Ru
Sif Muna
Trog
Uskayaw
Vehumet
Wu Jian
Xom
Yredelemnul
Zin
The Shining One

Shops:
D:5 [   D:8 *   D:9 (

Annotations:
D:7 Joseph
D:8 exclusion: steam dragon
D:10 Harold


Message History

You now have 358 gold pieces (gained 14).
Found an escape hatch in the ceiling.
You now have 369 gold pieces (gained 11).
Done exploring.
Done exploring.
(D) Dungeon (T) Temple (L) Lair (P) Snake Pit
Where to? (Enter - Lair:5, ? - help)
There is a stone staircase leading down here.
You climb downwards.
The basilisk hisses angrily.
The dream sheep bleats! x6
Found a helmet.
There is a stone staircase leading up here.
There are monsters nearby!
The dream sheep shake their wool and sparkle.
You feel drowsy...
You fall asleep.
You stop ascending the stairs.
The basilisk gazes at you.
You easily resist.
The dream sheep bites you!!
You wake up.
The dream sheep completely misses you. The dream sheep bites you!
The basilisk gazes at you.
You are slowing down.
The dream sheep bites you but does no damage.
You climb upwards.
You have turned to stone.
The dream sheep bites you. The dream sheep bites you!
The dream sheep bites you but does no damage.
The dream sheep bites you. x2
The dream sheep bites you but does no damage.
The dream sheep bites you! x2; The dream sheep bites you.
The dream sheep bites you!
* * * LOW HITPOINT WARNING * * *
The dream sheep bites you but does no damage.
The dream sheep bites you.
* * * LOW HITPOINT WARNING * * *
The dream sheep bites you!
* * * LOW HITPOINT WARNING * * *
The dream sheep bites you!
* * * LOW HITPOINT WARNING * * *
The dream sheep bites you but does no damage.
The dream sheep bites you!
You die...

#.######..................###
.## #.#..................# ##
###P................##
##...............##
##..............#
##..............#
#...........#.###
##......Y......#
#......Y@#...###
#######PY##### ####


You could see 3 dream sheep.

Vanquished Creatures
  4 hydras
  A catoblepas (Lair:1)
  3 two-headed ogres
  9 death yaks
  Urug (Lair:5)
  Amaemon (Lair:1)
  2 fire crabs
  3 oklob plants (Lair:1)
  13 elephants
  5 black mambas
  8 cane toads
  A torpor snail (Lair:2)
  An orange demon (Lair:1)
  Maggie (D:9)
  8 komodo dragons
  5 rime drakes
  2 kobold demonologists (D:9)
  A polar bear (Lair:3)
  Prince Ribbit (Lair:1)
  7 dream sheep
  A hornet (Lair:4)
  22 blink frogs
  3 wyverns
  30 yaks
  Eustachio (D:6)
  2 steam dragons
  2 basilisks
  Edmund (D:5)
  4 nagas (Lair:2)
  15 water moccasins
  Duvessa (D:6)
  5 orc warriors
  3 sky beasts
  2 black bears (Lair:1)
  6 wolves (Lair:1)
  3 centaurs
  A phantom (D:4)
  6 kobold brigands
  9 bullfrogs
  2 necrophages
  4 scorpions
  A gnoll sergeant (D:8)
  10 wights
  Dowan (D:6)
  5 killer bees (D:8)
  2 howler monkeys (D:8)
  5 hounds
  5 jellies
  6 orc priests
  4 iguanas
  Ijyb (D:3)
  7 orc wizards
  A removed worker ant (D:3)
  Robin (D:2)
  9 gnolls
  6 adders
  3 shadow imps
  11 worms
  3 dart slugs
  20 orcs
  2 removed leopard geckos
  3 endoplasms (D:4)
  8 giant cockroaches
  8 goblins
  11 hobgoblins
  2 jackals (D:1)
  3 quokkas
  4 ball pythons (D:4)
  5 bats
  8 frilled lizards
  21 kobolds
  8 rats
384 creatures vanquished.

Vanquished Creatures (collateral kills)
  A foxfire (Lair:2)
1 creature vanquished.

Vanquished Creatures (others)
  A bush (Lair:2)
  704 foxfires
  6 fulminant prisms (Lair:1)
  38 fungi
  81 plants
830 creatures vanquished.

Grand Total: 1215 creatures vanquished

Notes
Turn   | Place    | Note
-------+----------+-------------------------------------------
     0 | D:1      | Gazorpazorpfield the Deep Elf Fire Elementalist began the
                  | quest for the Orb.
     0 | D:1      | Reached XP level 1. HP: 10/10 MP: 6/6
   310 | D:1      | Reached XP level 2. HP: 13/15 MP: 6/8
   734 | D:1      | Reached XP level 3. HP: 17/19 MP: 6/10
   740 | D:1      | Learned a level 7 spell: Conjure Flame
  1317 | D:2      | Learned a level 3 spell: Inner Flame
  1419 | D:2      | Noticed Robin
  1421 | D:2      | Reached skill level 4 in Spellcasting
  1459 | D:2      | Killed Robin
  1460 | D:2      | Reached XP level 4. HP: 24/24 MP: 2/12
  1465 | D:2      | Learned a level 4 spell: Sticky Flame
  2466 | D:3      | Upgraded the game from 0.27-a0-216-g1fbed8a51c to
                  | 0.30-a0-585-g93115170b9
  2641 | D:3      | Noticed Ijyb
  2644 | D:3      | Noticed a centaur
  2735 | D:2      | Killed a centaur
  2736 | D:2      | Reached skill level 5 in Spellcasting
  2736 | D:2      | Reached XP level 5. HP: 7/28 MP: 3/14
  3449 | D:4      | Reached skill level 5 in Fire Magic
  3466 | D:4      | Learned a level 5 spell: Fireball
  3498 | D:4      | Reached XP level 6. HP: 32/32 MP: 12/16
  4040 | D:4      | Reached skill level 6 in Spellcasting
  4615 | D:4      | Found a staircase to the Ecumenical Temple.
  4629 | Temple   | Entered the Ecumenical Temple
  4638 | Temple   | Became a worshipper of Vehumet
  4652 | D:4      | Reached XP level 7. HP: 33/36 MP: 11/18
  4941 | D:3      | Killed Ijyb
  5000 | D:5      | Entered Level 5 of the Dungeon
  5012 | D:5      | Learned a level 5 spell: Lightning Bolt
  5410 | D:5      | Reached skill level 7 in Spellcasting
  5700 | D:5      | Noticed Edmund
  5751 | D:5      | Killed Edmund
  5752 | D:5      | Reached skill level 5 in Dodging
  6102 | D:5      | Found Ucaro's Antique Armour Shop.
  6105 | D:5      | Bought a glowing robe for 81 gold pieces
  6125 | D:5      | Reached XP level 8. HP: 41/41 MP: 15/21
  6128 | D:5      | Learned a level 2 spell: Searing Ray
  6573 | D:6      | Noticed Duvessa
  6573 | D:6      | Noticed Dowan
  6644 | D:6      | Killed Duvessa
  6645 | D:6      | Killed Dowan
  6646 | D:6      | Reached skill level 8 in Spellcasting
  7071 | D:6      | Noticed Eustachio
  7076 | D:6      | Killed Eustachio
  7191 | D:6      | Reached * piety under Vehumet
  7191 | D:6      | Offered knowledge of Sandblast by Vehumet.
  7192 | D:6      | Reached skill level 9 in Spellcasting
  7295 | D:6      | Reached skill level 5 in Conjurations
  7300 | D:6      | Learned a level 4 spell: Fulminant Prism
  7580 | D:6      | Found a sacrificial altar of Ru.
  7925 | D:7      | Reached XP level 9. HP: 45/45 MP: 18/24
  8724 | D:7      | Reached skill level 10 in Spellcasting
  9282 | D:7      | Noticed Joseph
  9301 | D:7      | HP: 1/45 [Joseph/sling bullet (24)]
  9879 | D:8      | Found Meckufo's Elemental Accessories.
 10163 | D:8      | Noticed a two-headed ogre
 10593 | D:8      | Found a faded altar of an unknown god.
 10593 | D:8      | Found a white marble altar of Elyvilon.
 10638 | D:8      | Found a basalt altar of Yredelemnul.
 10640 | D:8      | Found a faded altar of an unknown god.
 10642 | D:8      | Found an iron altar of Okawaru.
 10672 | D:8      | Reached ** piety under Vehumet
 10685 | D:8      | Offered knowledge of Scorch by Vehumet.
 10814 | D:8      | Noticed a two-headed ogre
 10821 | D:8      | Killed a two-headed ogre
 10822 | D:8      | Reached skill level 11 in Spellcasting
 10822 | D:8      | Reached skill level 10 in Fire Magic
 10822 | D:8      | Reached XP level 10. HP: 33/50 MP: 10/27
 11337 | D:8      | Killed a two-headed ogre
 11355 | D:8      | Reached skill level 12 in Spellcasting
 11599 | D:9      | Noticed Maggie
 11973 | D:9      | Noticed a two-headed ogre
 11987 | D:9      | Found a transporter.
 12004 | D:9      | Killed a two-headed ogre
 12418 | D:9      | Found a staircase to the Lair.
 12419 | D:9      | Noticed a fire crab
 12719 | D:9      | Killed a fire crab
 12925 | D:10     | Entered Level 10 of the Dungeon
 12928 | D:10     | Noticed Harold
 12968 | D:8      | Bought a staff of fire for 400 gold pieces
 13284 | D:9      | Offered knowledge of Poisonous Vapours by Vehumet.
 13285 | D:9      | Reached skill level 13 in Spellcasting
 13285 | D:9      | Reached XP level 11. HP: 54/54 MP: 23/30
 13288 | D:9      | Learned a level 2 spell: Poisonous Vapours
 13292 | D:9      | Learned a level 3 spell: Frozen Ramparts
 13316 | D:9      | Found Paeru Imi's Weapon Boutique.
 13416 | D:9      | Killed Maggie
 13642 | Lair:1   | Entered Level 1 of the Lair of Beasts
 13800 | Lair:1   | Learned a level 6 spell: Starburst
 13873 | Lair:1   | Reached *** piety under Vehumet
 13986 | Lair:1   | Noticed a catoblepas
 14009 | Lair:1   | Killed a catoblepas
 14151 | Lair:1   | Noticed an oklob plant
 14153 | Lair:1   | Noticed an oklob plant
 14160 | Lair:1   | Noticed Prince Ribbit
 14163 | Lair:1   | Killed Prince Ribbit
 14292 | Lair:1   | Reached skill level 14 in Spellcasting
 14451 | Lair:1   | Offered knowledge of Olgreb's Toxic Radiance by Vehumet.
 15066 | Lair:1   | Noticed Amaemon
 15074 | Lair:1   | Killed Amaemon
 15083 | Lair:1   | Noticed a death yak
 15209 | Lair:1   | Noticed a death yak
 15210 | Lair:1   | Noticed a death yak
 15211 | Lair:1   | Noticed a death yak
 15218 | Lair:1   | Killed a death yak
 15219 | Lair:1   | Reached skill level 10 in Dodging
 15219 | Lair:1   | Reached XP level 12. HP: 59/59 MP: 24/32
 15226 | Lair:1   | Killed a death yak
 15230 | Lair:1   | Killed a death yak
 15231 | Lair:1   | Reached skill level 15 in Spellcasting
 15657 | Lair:1   | Killed a death yak
 16049 | Lair:2   | Reached **** piety under Vehumet
 16074 | Lair:2   | Noticed a four-headed hydra
 16078 | Lair:2   | Noticed a death yak
 16241 | Lair:2   | Offered knowledge of Kindle Blastsparks by Vehumet.
 16360 | Lair:2   | Noticed a death yak
 16361 | Lair:2   | Noticed a death yak
 16362 | Lair:2   | Noticed a death yak
 16362 | Lair:2   | Noticed a death yak
 16368 | Lair:2   | Killed a death yak
 16368 | Lair:2   | Killed a death yak
 16369 | Lair:2   | Reached skill level 16 in Spellcasting
 16373 | Lair:2   | Killed a death yak
 16385 | Lair:2   | Killed a four-headed hydra
 16553 | Lair:2   | Killed a death yak
 16798 | Lair:2   | Reached skill level 10 in Conjurations
 16805 | Lair:2   | Reached XP level 13. HP: 63/63 MP: 3/35
 17292 | Lair:2   | Found a staircase to the Snake Pit.
 17618 | Lair:3   | Reached ***** piety under Vehumet
 17618 | Lair:3   | Offered knowledge of Eringya's Noxious Bog by Vehumet.
 17655 | Lair:3   | You fall into a shaft and drop 1 floor!
 17750 | Lair:4   | Reached skill level 17 in Spellcasting
 18075 | Lair:4   | Reached skill level 15 in Fire Magic
 19214 | Lair:5   | Noticed Urug
 19229 | Lair:5   | Killed Urug
 19660 | Lair:5   | Reached skill level 18 in Spellcasting
 19847 | Lair:5   | Found a glowing silver altar of Zin.
 20868 | Lair:6   | Entered Level 6 of the Lair of Beasts
 20877 | Lair:5   | Slain by a dream sheep

Illustrated notes

Levels and vault maps discovered:
D:1:      dpeg_arrival_boxorama, layout_loops_ring, item_on_display_a
D:2:      layout_loops_ring, uniq_robin
D:3:      layout_basic, serial_corexii_hall, corexii_hall_statues_u,
          corexii_hall_statues_x, uniq_ijyb
D:4:      minmay_evil_eye, layout_loops_ring, minmay_temple_entry_arrows,
          nicolae_grassy_gnolls
D:5:      layout_basic, serial_shops, kennysheep_mini, st_stairs_7,
          nicolae_wormholes, uniq_edmund
D:6:      layout_basic, nicolae_ru_sacrificial_ziggurat, uniq_duvessa,
          uniq_eustachio
D:7:      layout_basic, uniq_joseph
D:8:      cheibrodos_barr_body, layout_basic,
          chequers_temple_overflow_minitemple, nicolae_elemental_shop,
          chequers_serial_rivers_small_b, roderic_roman_lattice, minivault_24
D:9:      layout_irregular_city, minmay_lair_entry_lava, serial_shops,
          nicolae_shop_bloodbath_and_beyond, nicolae_diode_basic, uniq_maggie
D:10:     layout_loops_ring, orc_0_dummy, serial_shops, nicolae_shop_trees,
          minmay_misc_feat_tower, uniq_harold, uniq_maurice
Temple:   nicolae_temple_no_exploring_needed
Lair:1:   minmay_lair_oklob_chamber, layout_cave_pods, beast_lair_carwin_9,
          grunt_megastairs_3, uniq_amaemon, uniq_prince_ribbit2
Lair:2:   layout_misc_corridors, minmay_snake_entry_guardpost_small,
          nicolae_quartered_pool_little, nicolae_lair_grazing_beasts
          [nicolae_sub_lair_graze_edge, nicolae_sub_lair_graze_edge,
          nicolae_sub_lair_graze_edge, nicolae_sub_lair_graze_edge],
          infiniplex_staircase_pool_2
Lair:3:   layout_concentric_octagons, nicolae_shoals_entry_flooding,
          grunt_megastairs_2
Lair:4:   layout_regular_city, chequers_serial_rivers_micro_d,
          dreamdust_wasp_nest, grunt_megastairs_1
Lair:5:   layout_cave_pods, basic_altar, uniq_urug
Lair:6:   minmay_lair_end_enchanted_forest, layout_cave_shapes, slime_entry_2,
          gammafunk_ghost_wrathful_warriors

Skill      XL: |  1  2  3  4  5  6  7  8  9 10 11 12 13 |
---------------+----------------------------------------+-----
Fire Magic     | 4 5 6 8 10 11 12 14 15 | 15.8
Spellcasting   | 4 5 6 7 9 11 13 14 16 18 | 18.3
Dodging        | 3 4 5 6 7 8 10 11 12 | 12.3
Conjurations   | 2 3 4 5 6 7 8 10 11 | 11.0
Stealth        | |  2.5

Action                   |  1- 3 |  4- 6 |  7- 9 | 10-12 | 13-15 || total
-------------------------+-------+-------+-------+-------+-------++-------
Melee: Dagger            |     1 |     1 |     2 |     3 |       ||     7
       Short sword       |     4 |     3 |       |       |       ||     7
       Staff             |       |       |       |       |     1 ||     1
 Cast: Foxfire           |    83 |   126 |   152 |    94 |    28 ||   483
       Sticky Flame      |       |     6 |    34 |    38 |    12 ||    90
       Inner Flame       |       |     1 |     6 |     9 |     4 ||    20
       Searing Ray       |       |       |    27 |    19 |     1 ||    47
       Fireball          |       |       |    12 |   101 |    83 ||   196
       Lightning Bolt    |       |       |       |     3 |    22 ||    25
       Fulminant Prism   |       |       |       |     6 |       ||     6
       Poisonous Vapours |       |       |       |     2 |     2 ||     4
       Frozen Ramparts   |       |       |       |     3 |       ||     3
       Starburst         |       |       |       |       |     2 ||     2
  Use: Scroll            |     6 |     3 |     4 |    10 |       ||    23
Armor: Robe              |     8 |    19 |     7 |    12 |     8 ||    54
Dodge: Dodged            |    38 |    45 |    31 |    68 |    24 ||   206
Block: Other             |       |    19 |    10 |    22 |     7 ||    58
       Reflection        |       |       |     1 |     3 |       ||     4

Table legend: (Time is in decaauts)
 A = Elapsed time spent in this place.
 B = Non-inter-level travel time spent in this place.
 C = Inter-level travel time spent in this place.
 D = Time resting spent in this place.
 E = Time spent auto-exploring this place.
 F = Levels seen in this place.
 G = Mean time per level.
                   A        B        C        D        E       F      G
               +--------+--------+--------+--------+--------+-----+--------+
         Total |  20905 |  20324 |    581 |   3513 |  12431 |  17 | 1229.7 |
       Dungeon |  13718 |  13245 |    473 |   1669 |   8268 |  10 | 1371.8 |
        Temple |     17 |     17 |      0 |      0 |      0 |   1 |   17.0 |
          Lair |   7168 |   7060 |    108 |   1844 |   4163 |   6 | 1194.7 |
               +--------+--------+--------+--------+--------+-----+--------+

Top non-repeatable levels by time:
  Lair:1: 2550 daAuts
     D:8: 2035 daAuts
     D:6: 1913 daAuts
     D:7: 1807 daAuts
     D:9: 1697 daAuts
  Lair:4: 1692 daAuts
     D:3: 1644 daAuts
  Lair:5: 1528 daAuts
     D:5: 1265 daAuts
  Lair:2: 1258 daAuts
     D:2: 1179 daAuts
     D:1: 1132 daAuts
     D:4: 1033 daAuts
  Lair:3: 135 daAuts
  Temple: 17 daAuts
